Map: Oxide LE

Players

Pumba - Winner!

  • Race: Zerg Zerg
  • League: Master
  • Spawn Location: 1:00

Septimus

  • Race: Terran Terran
  • League: Master
  • Spawn Location: 7:00

VOD

Have the link to the VOD?

Description

Time

  • Played on: Sept. 21, 2021, 9:56 p.m.
  • Length: 4:59
Show
View Real Time Build Order
Export as new Build Order

Pumba Zerg - Winner!

Build Orders: Pool First 

Get SALT Encoding   

  12  0:01  Drone  
  13  0:12  Overlord  
  13  0:17  Drone  
  14  0:30  Drone x2  
  16  0:41  Spawning Pool  
  15  0:43  Drone  
  15  0:49  Drone  
  17  1:09  Hatchery  
  16  1:11  Drone  
  16  1:16  Drone  
  18  1:21  Extractor  
  17  1:27  Queen  
  17  1:30  Zergling x2  
  20  1:38  Overlord  
  20  1:42  Drone  
  21  1:52  Drone  
  22  2:04  Queen, Drone  
  25  2:17  Drone  
  26  2:23  Drone  
  26  2:24  Metabolic Boost, Drone  
  27  2:36  Drone x2  
  29  2:39  Drone x2  
  29  2:44  Drone x2  
  33  2:53  Hatchery  
  33  2:55  Zergling x4  
  34  3:04  Roach Warren  
  33  3:07  Drone  
  33  3:08  Drone  
  35  3:22  Overlord  
  35  3:27  Overlord  
  35  3:45  Roach x3  
  35  3:47  Roach x3  
  47  3:58  Roach x2  
  47  3:59  Overlord  
  47  4:00  Overlord  
  51  4:05  Queen  
  53  4:13  Zergling x6  
  56  4:18  Zergling x8  
  56  4:19  Zergling x6  
  56  4:23  Ravager  
  64  4:27  Zergling x4  
  66  4:33  Ravager  
  66  4:34  Zergling x4  
Show
View Real Time Build Order
Export as new Build Order

Septimus Terran 

Build Orders: Reaper Expand 

Get SALT Encoding   

  12  0:00  SCV  
  13  0:12  SCV  
  14  0:17  Supply Depot  
  14  0:26  SCV  
  15  0:39  SCV  
  15  0:40  Barracks  
  16  0:46  Refinery  
  16  0:51  SCV  
  17  1:03  SCV  
  18  1:15  SCV  
  19  1:29  Orbital Command  
  19  1:32  Reaper  
  20  1:39  Command Center  
  20  1:48  Supply Depot  
  20  1:54  SCV  
  21  2:07  SCV  
  22  2:10  Barracks Reactor  
  21  2:15  Barracks  
  21  2:19  SCV  
  22  2:24  Refinery  
  21  2:36  SCV  
  22  2:40  Factory  
  22  2:47  Marine x2  
  22  2:49  SCV  
  25  3:02  Barracks Tech Lab  
  25  3:03  Orbital Command  
  25  3:06  SCV, Marine  
  27  3:13  Marine  
  27  3:18  SCV  
  29  3:20  Marine  
  30  3:29  SCV  
  30  3:30  SCV, Marine  
  32  3:41  SCV, Factory Reactor  
  32  3:42  SCV  
  32  3:44  Starport  
  32  3:46  Marine  
  35  3:50  Marine  
  35  3:54  SCV x2  
  35  3:55  Marine  
  39  4:04  Marine  
  39  4:06  SCV x2  
  42  4:18  SCV x2, Command Center  
  42  4:21  Supply Depot  
  42  4:22  Marine  
  42  4:23  Supply Depot  
  45  4:30  SCV  
  46  4:39  Supply Depot  
  46  4:43  SCV x2  
  50  4:49  Bunker  
Tags
 
Add a new tag
Caveats
  • Supply blocks, unpowered buildings, or Contaminate may cause inaccurate times.
  • Supply counts are checked every 10 seconds.